 Dungeon Crawl Stone Soup version 0.25.1-1-g288607f (webtiles) character file.

Game seed: 5741562554987333002

35 auberdahn the Ruffian (level 3, -2/32 (33) HPs)
             Began as a Ghoul Monk on Sept 25, 2020.
             Slain by Sigmund
             ... wielding a +0 scythe
              (4 damage)
             ... on level 2 of the Dungeon.
             The game lasted 00:00:50 (1060 turns).

auberdahn the Ruffian (Ghoul Monk)                  Turns: 1060, Time: 00:00:51

HP:   -2/32 (33)    AC:  6    Str: 14    XL:     3   Next: 33%
MP:   2/2           EV: 10    Int:  6    God:
Gold: 36            SH:  0    Dex: 11    Spells: 2/2 levels left

rFire    . . .     SeeInvis .     - Unarmed
rCold    + . .     Gourm    .   (no shield)
rNeg     + + +     Faith    .   f - +0 scale mail
rPois    ∞         Spirit   .   (no helmet)
rElec    .         Reflect  .   (no cloak)
rCorr    .         Harm     .   (no gloves)
MR       .....                  (no boots)
Stlth    ..........             (no amulet)
HPRegen  0.00/turn              (no ring)
MPRegen  0.08/turn              (no ring)

@: rotting
A: rotting body, claws 1, carnivore, cold resistance 1, negative energy
resistance 3, inhibited regeneration, torment resistance, unbreathing
a: no special abilities


You were on level 2 of the Dungeon.
You were not hungry.

You visited 1 branch of the dungeon, and saw 2 of its levels.

You collected 36 gold pieces.

Inventory:

Armour
 a - a +0 robe
 f - a +0 scale mail (worn)
Scrolls
 c - a scroll of amnesia {unknown}
 d - a scroll of random uselessness {unknown}
Potions
 e - a potion of invisibility {unknown}
Comestibles
 b - a ration {!d}


   Skills:
 + Level 3.8 Fighting
 - Level 2.6 Dodging
 - Level 2.1 Stealth
 * Level 4.3 Unarmed Combat


You had 2 spell levels left.
You didn't know any spells.
Your spell library was empty.

Dungeon Overview and Level Annotations

Branches:
Dungeon (2/15)

Altars:
Ashenzari

Annotations:
D:2 Sigmund


Innate Abilities, Weirdness & Mutations

Your body is rotting away.
You thrive on raw meat.
You are immune to poison.
You have sharp fingernails.
You are carnivorous and can eat meat at any time.
Your flesh is cold resistant. (rC+)
You are immune to negative energy. (rN+++)
You do not regenerate when monsters are visible.
You are immune to unholy pain and torment.
You can survive without breathing.


Message History

The bat closely misses you. The worm bites you!
* * * LOW HITPOINT WARNING * * *
The bat hits you but does no damage. Sigmund gestures at you while chanting.
You are confused.
The bat hits you but does no damage.
Found 14 stones.
The bat misses you. The worm bites you.
* * * LOW HITPOINT WARNING * * *
You bump into the rock wall.
The bat barely misses you. The bat closely misses you.
Sigmund barely misses you.
You bump into the rock wall.
The bat barely misses you. Sigmund closely misses you. The worm bites you!
* * * LOW HITPOINT WARNING * * *
You bump into the rock wall.
You feel less confused. The bat hits you but does no damage.
The bat hits you but does no damage.
Sigmund hits you from afar with a +0 scythe.
You die...

#.####.##...#...## $..
..........#....####..
............._......#
####.....####....#...+
.....### ##..(#.$##
####.. #.###...#
#....#### #......+###
+.......#####..........
#....#@w....(..........
#.. #b.@....#.........
# #.......####......
#...##### #......
.....# #...... #.....#
#.....( #.....# #......
#...... #....(..


You could see Sigmund, a worm and a bat.

Vanquished Creatures
  3 dart slugs (D:1)
  A leopard gecko (D:1)
  5 bats (D:1)
  2 giant cockroaches
  4 goblins (D:1)
  5 hobgoblins (D:1)
  2 kobolds (D:1)
  3 rats (D:1)
25 creatures vanquished.

Notes
Turn   | Place    | Note
-------+----------+-------------------------------------------
     0 | D:1      | auberdahn the Ghoul Monk began the quest for the Orb.
     0 | D:1      | Reached XP level 1. HP: 19/19 MP: 0/0
    60 | D:1      | Reached XP level 2. HP: 25/26 MP: 1/1
   361 | D:1      | Reached skill level 4 in Unarmed Combat
   480 | D:1      | Reached XP level 3. HP: 32/33 MP: 2/2
  1021 | D:2      | Found a shattered altar of Ashenzari.
  1035 | D:2      | Noticed Sigmund
  1060 | D:2      | Slain by Sigmund

Illustrated notes

Levels and vault maps discovered:
D:1:      sevenhm_arrival_forest_fort_small_5, layout_basic
D:2:      layout_basic, grunt_temple_overflow_forces_of_nature,
          nicolae_overflow_crystal_walls, first_ration,
          corexii_leaking_fountain, uniq_sigmund

Skill      XL: |  1  2 |
---------------+-------+-----
Unarmed Combat | 4 |  4.3
Fighting       | |  3.8
Dodging        | |  2.6
Stealth        | |  2.1

Action                   || total
-------------------------++-------
Melee: Unarmed           ||    64
 Stab: Sleeping          ||     3
  Eat: Chunk             ||     4
Armor: Robe              ||     5
       Scale mail        ||     9
Dodge: Dodged            ||    48
